 Dungeon Crawl Stone Soup version 0.31.0-11-ge490571c62 (webtiles) character file.

Game seed: 204883493153765981

412 Arex the Ruffian (level 6, 0/52 HPs)
             Began as a Draconian Shapeshifter on Feb 10, 2024.
             Incinerated by a bombardier beetle (3 damage)
             ... with a burning spray
             ... on level 3 of the Dungeon.
             The game lasted 00:05:29 (3126 turns).

Arex the Ruffian (Draconian Shapeshifter)           Turns: 3126, Time: 00:05:29

Health: 0/52       AC:  6    Str: 19    XL:     6   Next: 59%
Magic:  6/6        EV: 12    Int: 10    God:
Gold:   149        SH:  0    Dex: 10    Spells: 5/5 levels left

rFire   . .          .
                       - Unarmed
rCold   . . .        (no shield)
rNeg    . . .        (body armour unavailable)
rPois   .            (helmet currently unavailable)
rElec   .            (cloak currently unavailable)
rCorr   .            (gloves currently unavailable)
SInv    .            (boots currently unavailable)
Will    .....        i - amulet of magic regeneration
Stlth   +            (no ring)
HPRegen 0.28/turn    (no ring)
MPRegen 0.50/turn

%: no passive effects
@: confused, on fire, beast-form, ambrosia-drunk, glowing
A: beast (slay +2), AC +6, unfitting armour, cold-blooded
a: Begin Untransformation


You were on level 3 of the Dungeon.
You were a hulking beast.
You visited 1 branch of the dungeon, and saw 5 of its levels.

You collected 149 gold pieces.

Inventory:

Armour
 h - a +0 buckler
Jewellery
 i - an amulet of magic regeneration (around neck)
Talismans
 b - a beast talisman
 c - a flux talisman
Scrolls
 g - a scroll of amnesia {unknown}
 j - a scroll of fog {unknown}
 k - a scroll of acquirement {unknown}
 n - a scroll of enchant armour {unknown}
Potions
 a - 4 potions of lignification
 d - a potion of degeneration
 l - 2 potions of heal wounds {unknown}
 m - a potion of curing {unknown}
 o - a potion of berserk rage {unknown}


   Skills:
 + Level 3.8 Fighting
 + Level 3.5 Dodging
 + Level 4.5 Unarmed Combat
 + Level 4.3 Shapeshifting


You had 5 spell levels left.
You didn't know any spells.
Your spell library contained the following spells:

 Spells                   Type           Power      Damage    Failure   Level
 Hailstorm                Conj/Ice       0%         3d5       75%         3
 Cause Fear               Hex            0%         N/A       98%         4
 Martyr's Knell           Necr/Summ      0%         N/A       98%         4
 Fireball                 Conj/Fire      0%         3d3       100%        5
 Metabolic Englaciation   Hex/Ice        0%         N/A       100%        5
 Malign Gateway           Summ/Tloc      0%         N/A       100%        7
 Dragon's Call            Summ           0%         N/A       100%        9


Dungeon Overview and Level Annotations

Branches:
Dungeon (5/15) Zot: 26689
 Temple: D:4-7

Altars:

Shops:
D:4 :


Innate Abilities, Weirdness & Mutations

You are a hulking beast.
Your limbs bulge with bestial killing power. (Slay +2)
Your plain brown scales are hard. (AC +6)
You cannot fit into any form of body armour.
You are cold-blooded and may be slowed by cold attacks.


Message History

You see here a giant cockroach corpse.
A bombardier beetle is nearby!
The bombardier beetle sprays incendiary fluid at you.
The burning spray hits you.
You are covered in liquid fire!
You shake off some of the fire as you move.
The liquid fire burns you!
The bombardier beetle sprays incendiary fluid at you.
The burning spray hits you.
You are even more covered in liquid fire!
You shake off some of the fire as you move.
The liquid fire burns you!
You shake off some of the fire as you move.
The liquid fire burns you!
There is a stone staircase leading up here.
The liquid fire burns you!
You shake off some of the fire as you move.
You climb upwards.
The liquid fire burns you!
There is a stone staircase leading down here.
You are on fire!
You are on fire!
You are on fire!
The liquid fire burns you! The liquid fire burns you!
The liquid fire burns you! The liquid fire burns you!
* * * LOW HITPOINT WARNING * * *
The liquid fire burns you!
* * * LOW HITPOINT WARNING * * *
You are on fire!
The liquid fire burns you!
* * * LOW HITPOINT WARNING * * *
The liquid fire burns you!
* * * LOW HITPOINT WARNING * * *
It was a potion of ambrosia.
You are confused.
You feel invigorated. The liquid fire burns you!
You die...

.###.##.#.## ##.#..########.# ##
.##.<......###.###.# #.# #.
.....##.#.....## ###### #.# #.
###..##.#..###.## ##..#####.## #.
#...##.#.......###.#........# #.
#...##.#.#.....##.###.####..# #.
#......#.#.##.##.####.####..# #.
###............###.#.........# #.
....###.#.###..#h#####.#####.# #.
##### #...# #.....#.##.#####.###.
#.#.###..##.#.##........... #
#.#......##.#.##.......#### #
#.###.##.##.#.##)#####.# # #.#
#.##.##.#.##.# #.# # #.#
#.##.##.#.##.# #.# #
####.###.##)##.#.##.#####.####
####...........##................


There were no monsters in sight!

Vanquished Creatures
  An ogre (D:5)
  A howler monkey (D:4)
  A hound (D:2)
  A sleepcap (D:4)
  Jessica (D:3)
  An orc wizard (D:3)
  4 gnolls
  6 adders
  A ribbon worm (D:2)
  5 dart slugs
  5 orcs (D:3)
  7 ball pythons
  4 endoplasms
  7 giant cockroaches
  7 goblins
  9 hobgoblins
  3 kobolds
  3 quokkas
  5 bats
  4 frilled lizards
  4 rats
80 creatures vanquished.

Notes
Turn   | Place    | Note
-------+----------+-------------------------------------------
     0 | D:1      | Arex the Draconian Shapeshifter began the quest for the
                  | Orb.
     0 | D:1      | Reached XP level 1. HP: 16/16 MP: 1/1
    75 | D:1      | You fall into a shaft and drop 1 floor!
   109 | D:2      | Reached XP level 2. HP: 23/23 MP: 2/2
   812 | D:2      | Reached XP level 3. HP: 19/29 MP: 3/3
  1165 | D:2      | Got Adeups's Codex of Frozen Phantasms
  1317 | D:2      | Reached XP level 4. HP: 37/37 MP: 4/4
  1679 | D:3      | Noticed Jessica
  1686 | D:3      | Killed Jessica
  1879 | D:3      | Reached XP level 5. HP: 39/42 MP: 5/5
  2703 | D:4      | Found Syaplonu's Self-Improvement Boutique.
  2784 | D:4      | Reached XP level 6. HP: 51/51 MP: 6/6
  2815 | D:5      | Entered Level 5 of the Dungeon
  2918 | D:5      | Noticed a water moccasin
  3125 | D:3      | HP: 2/52 [burnt (4)]
  3126 | D:3      | Incinerated by a bombardier beetle

Illustrated notes

Levels and vault maps discovered:
D:1:      dpeg_arrival_simpleton_c, layout_loops_cross,
          amcnicky_mini_corridor_feature
D:2:      layout_basic
D:3:      layout_loops_ring, dreamdust_wishing_well, minmay_misc_feat_hallway,
          amethyst_killhole, serial_bayou_pond_b,
          nicolae_twisty_statue_hallways, uniq_jessica
D:4:      layout_cave_pools, nicolae_shop_self_help
D:5:      layout_basic, uniq_prince_ribbit1

Skill      XL: |  1  2  3  4  5 |
---------------+----------------+-----
Dodging        | 2 3 |  3.5
Fighting       | 2 3 |  3.8
Unarmed Combat | 4 |  4.5
Shapeshifting  | 4 |  4.3

Action                     |  1- 3 |  4- 6 || total
---------------------------+-------+-------++-------
  Melee: Unarmed           |   113 |   111 ||   224
         Tailslap          |     9 |    13 ||    22
         Punch             |     2 |     4 ||     6
    Use: Scroll            |     2 |     1 ||     3
         Potion            |       |     1 ||     1
   Stab: Sleeping          |     1 |       ||     1
         Distracted        |       |     1 ||     1
 Armour: Skin              |    61 |    65 ||   126
  Dodge: Dodged            |    80 |    60 ||   140
